 Dungeon Crawl Stone Soup version 0.20.1-1-g8b1a95d (webtiles) character file.

3867 Monsterracer the Covert (level 9, -3/47 HPs)
             Began as a Spriggan Artificer on Aug 20, 2017.
             Was an Initiate of Gozag.
             Slain by Joseph
             ... wielding a +4 quarterstaff of speed
              (11 damage)
             ... on level 8 of the Dungeon.
             The game lasted 00:26:05 (11787 turns).

Monsterracer the Covert (Spriggan Artificer)       Turns: 11787, Time: 00:26:06

Health: -3/47      AC:  6    Str: 13    XL:     9   Next: 99%
Magic:  13/13      EV: 33    Int: 12    God:    Gozag
Gold:   286        SH:  0    Dex: 25    Spells: 5/11 levels left

rFire    . . .     SeeInvis +   m - +2 short sword (vamp)
rCold    . . .     Gourm    .   (shield restricted)
rNeg     . . .     Faith    .   b - +0 robe
rPois    .         Spirit   .   t - +2 hat {SInv}
rElec    .         Reflect  .   k - +1 cloak
rCorr    +         Harm     .   (gloves unavailable)
MR       +....                  (boots unavailable)
Stlth    ++++++....             (no amulet)
Regen    0.2/turn               c - ring of resist corrosion
MPRegen  0.2/turn               (no ring)

@: mighty, agile, flying, hasted, very quick
A: unfitting armour, see invisible, herbivore 3, speed 3, slow metabolism 2
a: Potion Petition, Call Merchant, Bribe Branch, Renounce Religion


You were on level 8 of the Dungeon.
You worshipped Gozag.
Gozag was aware of your devotion.
You were not hungry.

You visited 2 branches of the dungeon, and saw 9 of its levels.
You also visited: Sewer.

You collected 836 gold pieces.
You spent 500 gold pieces at shops.
You paid 50 gold pieces to Gozag.

Inventory:

Hand Weapons
 m - a +2 vampiric short sword (weapon)
Missiles
 q - a throwing net (quivered)
Armour
 b - a +0 robe (worn)
 k - a +1 cloak (worn)
 t - a +2 hat of see invisible (worn)
Jewellery
 c - a ring of resist corrosion (left hand)
Wands
 d - a wand of enslavement (2/24)
Scrolls
 a - a scroll of teleportation
 i - 2 scrolls of remove curse
 s - a scroll of enchant weapon
Potions
 e - 3 potions of haste
 g - a potion of curing {unknown}
 h - a potion of flight {unknown}
 j - a potion of heal wounds
 l - 2 potions of brilliance
 n - a potion of mutation
 o - a potion of magic
 p - a potion of ambrosia
Books
 u - a book of Party Tricks

   Spells                             Type                      Level
   a - Summon Butterflies             Summoning                    1
   b - Apportation                    Translocation                1
   c - Lesser Beckoning               Translocation                3
   d - Tukima's Dance                 Hexes                        3
   e - Alistair's Intoxication        Transmutation/Poison         5
   f - Invisibility                   Hexes                        6
Comestibles
 f - 3 bread rations
 r - a royal jelly


   Skills:
 + Level 5.3 Fighting
 * Level 9.8 Short Blades
 + Level 9.3 Dodging
 + Level 9.9 Stealth
 + Level 1.7 Spellcasting
 * Level 2.2 Hexes
 - Level 4.0 Evocations


You had 5 spell levels left.
You knew the following spells:

 Your Spells              Type           Power        Failure   Level  Hunger
a - Invisibility          Hex            #.......     100%        6    #######


Dungeon Overview and Level Annotations

Branches:
Dungeon (8/15)             Temple (1/1) D:5
   Lair: D:8-11

Altars:
Cheibriados
Dithmenos
Elyvilon
Fedhas
Gozag
Hepliaklqana
Kikubaaqudgha
Makhleb
Nemelex Xobeh
Okawaru
Qazlal
Sif Muna
Trog
Vehumet
Xom
Yredelemnul
Zin

Shops:
D:4 [:   D:5 [

Annotations:
D:8 Joseph, Maurice


Innate Abilities, Weirdness & Mutations

You are very small and have problems with some larger weapons.
You are too small for most types of armour.
You have supernaturally acute eyesight. (SInv)
You are a herbivore.
You cover ground extremely quickly.
You need consume almost no food.


Message History

Joseph is heavily wounded.
Joseph hits you with a quarterstaff of speed!
* * * LOW HITPOINT WARNING * * *
Huge Dmg: -27%(-13hp) hp: 37%(17hp)
You hit Joseph but do no damage.
Joseph is heavily wounded.
Joseph hits you with a quarterstaff of speed!
* * * LOW HITPOINT WARNING * * *
Huge Dmg: -19%(-9hp) hp: 18%(8hp) [a] - 0 gold - flight, agility and invisibility [b] - 0 gold - might, agility and brilliance [c] - 0 gold - haste, agility, flight and might Purchase which effect?
You feel yourself speed up.
You feel agile all of a sudden.
You feel very buoyant.
You fly up into the air.
You feel very mighty all of a sudden.
Joseph hits you with a quarterstaff of speed!
You die...
Your body crumbles into a pile of gold.

# #.......####.## #.#
##.## #...##........#
#.###...#
#...###.####..#
#.......# #.... .# ##..#
####....# #..... ..
#...# #.#.## #.....#
.##...# #.#.# #.....
#...# #.#.# ##..#
#.#W###### #@.#
#>#..>....
.....W@....####.#.######
(...######...........#
.. .......#.##.#
.........# # #.######.#
# #.# #.. ###


You could see Joseph and a phantom.

Vanquished Creatures
  Prince Ribbit (D:5)
  Grinder (D:3)
  The ghost of noisi the Chopper, an amateur HaMo (D:5)
  2 hippogriffs (D:7)
  A hungry ghost (D:8)
  Menkaure (D:5)
  Duvessa (D:5)
  An ice beast (D:6)
  An orc warrior (D:5)
  A sky beast (D:7)
  A phantom (D:4)
  A black bear (D:6)
  3 ogres
  4 centaurs
  4 bullfrogs
  Blork the orc (D:6)
  2 big kobolds
  Dowan (D:5)
  2 scorpions
  3 howler monkeys (D:8)
  A crimson imp (D:6)
  2 jellies (D:5)
  A bullfrog skeleton (D:7)
  2 orc wizards
  Crazy Yiuf (D:2)
  A hound (D:5)
  Terence (D:2)
  6 worker ants
  A hound zombie (D:6)
  A hound skeleton (D:8)
  A howler monkey zombie (D:5)
  Robin (D:3)
  3 gnolls (D:5)
  18 adders
  A shadow imp (D:5)
  14 oozes
  3 worms
  2 dart slugs
  19 leopard geckos
  14 orcs
  9 bats
  17 giant cockroaches
  6 goblins
  12 hobgoblins
  13 jackals
  5 quokkas
  16 ball pythons
  16 frilled lizards
  14 kobolds
  7 rats
241 creatures vanquished.

Vanquished Creatures (collateral kills)
  An ogre (D:5)
  A worm (D:5)
2 creatures vanquished.

Vanquished Creatures (others)
  An adder (D:2)
1 creature vanquished.

Grand Total: 244 creatures vanquished

Notes
Turn   | Place    | Note
-------+----------+-------------------------------------------
     0 | D:1      | Monsterracer the Spriggan Artificer began the quest for the Orb.
     0 | D:1      | Reached XP level 1. HP: 9/9 MP: 4/4
   203 | D:1      | Reached skill level 1 in Fighting
   295 | D:1      | Reached XP level 2. HP: 10/14 MP: 6/6
   482 | D:1      | HP: 5/14 [leopard gecko (3)]
   886 | D:1      | Reached XP level 3. HP: 14/18 MP: 7/7
   886 | D:1      | HP: 9/18 [shot self (5)]
  1537 | D:2      | Found a runed door.
  1579 | D:2      | Noticed Crazy Yiuf
  1581 | D:2      | Killed Crazy Yiuf
  1581 | D:2      | Reached XP level 4. HP: 22/22 MP: 8/8
  1878 | D:2      | Noticed Terence
  1904 | D:2      | HP: 9/22 [Terence/falchion (6)]
  1909 | D:2      | HP: 5/22 [Terence/falchion (4)]
  1910 | D:2      | Killed Terence
  1952 | D:2      | HP: 4/22 [kobold/whip (3)]
  2246 | D:2      | HP: 9/22 [adder (4)]
  2251 | D:2      | HP: 7/23 [poisoned by an adder]
  2259 | D:2      | HP: 6/23 [poisoned by an adder]
  2855 | D:3      | Reached XP level 5. HP: 22/26 MP: 9/9
  3043 | D:3      | Noticed Grinder
  3058 | D:3      | Killed Grinder
  3058 | D:3      | Reached skill level 5 in Dodging
  3058 | D:3      | Reached XP level 6. HP: 16/30 MP: 10/10
  3401 | D:3      | Noticed Robin
  3602 | D:3      | Killed Robin
  3752 | D:3      | HP: 15/31 [orc wizard/dagger of speed (2)]
  3777 | D:3      | HP: 14/32 [goblin (3)]
  4151 | D:4      | Found a bloodstained altar of Trog.
  4154 | D:4      | Reached skill level 5 in Short Blades
  4154 | D:4      | Reached skill level 5 in Stealth
  4189 | D:4      | Reached XP level 7. HP: 35/35 MP: 11/11
  4242 | D:4      | Found a glowing drain.
  4278 | Sewer    | Entered a sewer
  5009 | Sewer    | HP: 16/36 [ooze (3)]
  5014 | Sewer    | HP: 13/36 [leopard gecko (3)]
  5308 | D:4      | Found Xuuvae's Book Shop.
  5337 | D:4      | Found Kyimijiz's Armour Shoppe.
  5652 | D:4      | Found a white marble altar of Elyvilon.
  5789 | D:5      | Entered Level 5 of the Dungeon
  5831 | D:5      | Noticed Prince Ribbit
  6005 | D:5      | Reached XP level 8. HP: 40/40 MP: 12/12
  6056 | D:5      | Found Nyjaff's Armour Shoppe.
  6068 | D:5      | HP: 16/40 [acid (7)]
  6248 | D:5      | Noticed noisi's ghost (amateur HaMo)
  6315 | D:5      | HP: 20/40 [noisi's ghost (8)]
  6321 | D:5      | Killed noisi's ghost
  6705 | D:5      | HP: 20/40 [acid (9)]
  6903 | D:5      | HP: 19/40 [Prince Ribbit (7)]
  6916 | D:5      | HP: 1/40 [Prince Ribbit (19)]
  7104 | D:5      | Found a snail-covered altar of Cheibriados.
  7164 | D:5      | Noticed Duvessa
  7200 | D:5      | HP: 20/40 [Duvessa/short sword (5)]
  7205 | D:5      | Noticed Dowan
  7205 | D:5      | HP: 11/40 [Duvessa/short sword (9)]
  7212 | D:5      | HP: 8/40 [Dowan/puff of flame (4)]
  7216 | D:5      | Killed Duvessa
  7247 | D:5      | HP: 12/42 [Dowan/dagger (1)]
  7262 | D:5      | HP: 12/42 [Dowan/dagger (1)]
  7267 | D:5      | Killed Dowan
  7540 | D:5      | Found a staircase to the Ecumenical Temple.
  7540 | D:5      | Noticed Menkaure
  7560 | D:5      | HP: 7/42 [Menkaure (16)]
  7562 | D:5      | Killed Menkaure
  7583 | Temple   | Entered the Ecumenical Temple
  7723 | Temple   | Became a worshipper of Gozag Ym Sagoz the Greedy
  7932 | D:5      | Killed Prince Ribbit
  8530 | D:6      | HP: 21/42 [centaur (7)]
  8782 | D:6      | Reached XP level 9. HP: 45/45 MP: 13/13
  8789 | D:6      | Noticed Blork the orc
  8847 | D:6      | Killed Blork the orc
  8868 | D:6      | HP: 1/45 [ogre/giant club (26)]
  9743 | D:6      | HP: 23/46 [poisoned by a scorpion]
  9748 | D:6      | HP: 17/46 [poisoned by a scorpion]
  9753 | D:6      | HP: 13/46 [poisoned by a scorpion]
  9758 | D:6      | HP: 11/46 [poisoned by a scorpion]
  9764 | D:6      | HP: 9/46 [poisoned by a scorpion]
  9772 | D:6      | HP: 8/46 [poisoned by a scorpion]
  9780 | D:6      | HP: 7/46 [poisoned by a scorpion]
 10474 | D:7      | Found a shimmering altar of Xom.
 10483 | D:7      | Reached skill level 5 in Fighting
 10599 | D:7      | HP: 22/47 [sky beast (5)]
 10605 | D:7      | HP: 19/47 [sky beast (5)]
 11044 | D:4      | Bought a book of Party Tricks for 500 gold pieces
 11051 | D:4      | Learned a level 6 spell: Invisibility
 11289 | D:8      | Reached skill level 1 in Spellcasting
 11309 | D:8      | Reached skill level 1 in Hexes
 11597 | D:8      | Noticed Maurice
 11606 | D:8      | Noticed Joseph
 11732 | D:8      | Found a deep blue altar of Sif Muna.
 11785 | D:8      | HP: 17/47 [Joseph/quarterstaff of speed (14)]
 11786 | D:8      | HP: 8/47 [Joseph/quarterstaff of speed (9)]
 11787 | D:8      | Slain by Joseph

Skill      XL: |  1  2  3  4  5  6  7  8  9 |
---------------+----------------------------+-----
Stealth        | 2 3 4 5 6 8 9 |  9.9
Fighting       | 1 2 3 4 5 |  5.3
Short Blades   | 2 3 4 5 6 8 9 |  9.8
Dodging        | 4 5 6 8 9 |  9.3
Spellcasting   | 1 |  1.7
Hexes          | 2 |  2.2
Evocations     | |  4.0

Action                   |  1- 3 |  4- 6 |  7- 9 || total
-------------------------+-------+-------+-------++-------
Melee: Short sword       |   122 |   267 |   275 ||   664
       Dagger            |       |    39 |   811 ||   850
Invok: Potion Petition   |       |       |     1 ||     1
Evoke: Wand              |    10 |    13 |    26 ||    49
  Use: Scroll            |       |     8 |    11 ||    19
       Potion            |       |       |     1 ||     1
 Stab: Sleeping          |     1 |     6 |    30 ||    37
       Distracted        |       |     1 |     5 ||     6
       Paralysed         |       |     3 |       ||     3
  Eat: Bread ration      |       |     1 |     1 ||     2
       Royal jelly       |       |       |     2 ||     2
Armor: Robe              |    12 |    26 |    44 ||    82
Dodge: Dodged            |   100 |   210 |   548 ||   858
